Map: Dusk Towers

Players

Seragon - Winner!

  • Race: Protoss Protoss

Hanuman

  • Race: Zerg Zerg
  • League: Silver

VOD

Have the link to the VOD?

Description

Time

  • Played on: Feb. 6, 2016, 5:23 a.m.
  • Length: 8:33
Show
View Real Time Build Order
Export as new Build Order

Seragon Protoss - Winner!

Build Orders: 1 Gate Expand 

Get SALT Encoding   

  12  0:01  Probe (Chrono Boost)  
  13  0:12  Probe (Chrono Boost)  
  14  0:20  Pylon  
  14  0:22  Probe (Chrono Boost)  
  15  0:44  Gateway  
  15  0:46  Probe (Chrono Boost)  
  16  0:51  Assimilator  
  16  0:57  Probe (Chrono Boost)  
  17  1:07  Probe (Chrono Boost)  
  18  1:18  Probe (Chrono Boost)  
  19  1:28  Probe (Chrono Boost)  
  19  1:31  Nexus  
  20  1:44  Cybernetics Core  
  20  1:47  Assimilator  
  20  1:52  Probe (Chrono Boost)  
  21  2:02  Probe (Chrono Boost)  
  21  2:06  Pylon  
  22  2:22  Warp Gate  
  22  2:25  Mothership Core (Chrono Boost)  
  24  2:33  Adept  
  26  2:43  Probe (Chrono Boost)  
  27  2:47  Robotics Facility  
  27  2:48  Probe (Chrono Boost)  
  28  2:56  Probe (Chrono Boost)  
  30  2:58  Probe (Chrono Boost)  
  30  3:00  Adept  
  32  3:07  Probe (Chrono Boost)  
  32  3:09  Probe (Chrono Boost)  
  34  3:17  Probe (Chrono Boost)  
  34  3:19  Pylon  
  35  3:20  Probe (Chrono Boost)  
  36  3:28  Probe (Chrono Boost)  
  36  3:31  Probe (Chrono Boost)  
  39  3:34  Observer  
  39  3:41  Gateway x2  
  39  3:44  Pylon  
  39  3:45  Probe x2 (Chrono Boost)  
  41  3:52  Sentry  
  43  3:56  Probe x2 (Chrono Boost)  
  45  4:03  Immortal (Chrono Boost)  
  45  4:06  Probe x2 (Chrono Boost)  
  51  4:11  Twilight Council  
  51  4:18  Probe x2 (Chrono Boost)  
  51  4:20  Assimilator  
  53  4:24  Assimilator  
  53  4:28  Forge, Probe (Chrono Boost)  
  54  4:37  Stalker  
  54  4:38  Stalker x2  
  60  5:01  Stalker  
  62  5:07  Pylon  
  62  5:14  Blink  
  62  5:24  Probe  
  62  5:25  Probe  
  62  5:26  Immortal (Chrono Boost)  
  68  5:29  Nexus  
  68  5:30  Pylon, Protoss Ground Weapons Level 1  
  68  5:32  Pylon  
  68  5:34  Probe  
  68  5:37  Probe  
  70  5:59  Warp Prism (Chrono Boost), Gateway  
  70  6:01  Gateway  
  70  6:03  Sentry  
  74  6:04  Gateway, Sentry x2  
  74  6:06  Gateway  
  74  6:07  Probe  
  74  6:08  Probe  
  80  6:17  Probe  
  80  6:19  Pylon  
  80  6:20  Probe  
  80  6:23  Pylon  
  82  6:27  Stalker  
  82  6:28  Stalker  
  86  6:32  Pylon  
  86  6:37  Pylon  
  86  6:42  Probe x2  
  86  6:44  Probe  
  89  6:50  Stalker x2  
  93  6:56  Probe  
  93  6:57  Probe  
  93  7:00  Gateway  
  95  7:03  Pylon, Gateway  
  95  7:14  Stalker x4  
  94  7:40  Stalker x7  
  94  7:43  Probe x2  
  102  7:45  Probe  
  105  7:54  Probe  
  105  7:56  Probe  
  105  7:57  Probe  
  106  8:00  Assimilator  
  106  8:01  Assimilator  
  106  8:04  Probe  
  106  8:06  Probe, Stalker x3  
  106  8:09  Probe  
  106  8:11  Pylon  
Show
View Real Time Build Order
Export as new Build Order

Hanuman Zerg 

Build Orders: Hatch First 

Get SALT Encoding   

  12  0:01  Drone  
  13  0:09  Drone  
  14  0:17  Overlord  
  14  0:36  Drone x3  
  17  0:56  Hatchery  
  16  0:59  Drone  
  17  1:16  Drone, Spawning Pool  
  17  1:24  Drone x2  
  19  1:35  Drone  
  19  1:38  Extractor  
  19  1:42  Extractor  
  18  1:59  Drone x2  
  20  2:03  Queen  
  22  2:19  Hatchery  
  21  2:25  Queen  
  23  2:34  Zergling x4  
  23  2:35  Zergling x2  
  26  2:48  Roach Warren  
  25  3:01  Drone x3  
  28  3:07  Overlord  
  28  3:28  Roach x3  
  28  3:29  Roach  
  36  3:45  Queen  
  36  3:46  Overlord  
  37  4:00  Roach x2  
  37  4:02  Overlord  
  41  4:11  Ravager  
  41  4:15  Drone x3  
  45  4:17  Drone  
  46  4:32  Drone x2  
  46  4:33  Drone x3  
  49  5:03  Lair  
  49  5:05  Roach x4  
  57  5:15  Extractor  
  57  5:17  Drone x2, Extractor  
  57  5:19  Overlord x2  
  57  5:28  Evolution Chamber  
  56  5:30  Evolution Chamber  
  55  5:37  Overlord  
  55  5:48  Drone x5  
  55  5:49  Drone x2  
  62  6:01  Roach x3  
  62  6:02  Roach x3  
  74  6:08  Spore Crawler  
  74  6:09  Hydralisk Den  
  72  6:14  Spore Crawler  
  72  6:18  Drone x3  
  74  6:41  Spore Crawler, Hydralisk  
  74  6:42  Hydralisk x3  
  74  6:44  Overlord  
  74  6:45  Overlord  
  81  6:53  Overlord  
  81  6:54  Overlord  
  81  7:10  Spire  
  81  7:12  Zergling x2  
  81  7:13  Zergling x12  
  81  7:32  Zergling x18  
  81  7:33  Zergling x2  
  70  7:39  Zergling x4  
  70  7:41  Zergling x2  
  39  7:58  Zergling x4  
  39  7:59  Zergling x8  
  40  8:08  Zergling x2  
  40  8:09  Zergling x2  
Tags
 
Add a new tag
Caveats
  • Supply blocks, unpowered buildings, or Contaminate may cause inaccurate times.
  • Supply counts are checked every 10 seconds.